 Dungeon Crawl Stone Soup version 0.28-a0-723-g095bd1b44f (webtiles) character file.

Game seed: 7946035160310838123

0 meatgazer the Skirmisher (level 1, -2/19 HPs)
             Began as a Draconian Abyssal Knight on Oct 25, 2021.
             Was a Follower of Lugonu.
             Slain by a kobold brigand (6 damage)
             ... on level 1 of the Abyss.
             The game lasted 00:00:30 (188 turns).

meatgazer the Skirmisher (Draconian Abyssal Knight)  Turns: 188, Time: 00:00:31

Health: -2/19      AC:  4    Str: 15    XL:     1   Next: 0%
Magic:  2/2        EV: 12    Int: 10    God:    Lugonu [*.....]
Gold:   29         SH:  0    Dex: 11    Spells: 0/0 levels left

rFire   . . .      SeeInvis .   a - +1 spear
rCold   . . .      Faith    .   (no shield)
rNeg    . . .      Spirit   .   (armour unavailable)
rPois   .          Reflect  .   (helmet restricted)
rElec   .          Harm     .   (no cloak)
rCorr   .          Rampage  .   (no gloves)
Will    .....                   (no boots)
Stlth   +.........              (no amulet)
HPRegen 0.06/turn               (no ring)
MPRegen 0.08/turn               (no ring)

@: no status effects
A: AC +4, unfitting armour, cold-blooded
a: Renounce Religion, Depart the Abyss


You were on level 1 of the Abyss.
You worshipped Lugonu.
Lugonu was aware of your devotion.
You visited 0 branches of the dungeon, and saw 0 of its levels.
You visited the Abyss 1 time.

You collected 29 gold pieces.

Inventory:

Hand Weapons
 a - a +1 spear (weapon)
Potions
 b - a potion of invisibility {unknown}


   Skills:
 + Level 3.2 Fighting
 + Level 2.0 Polearms
 + Level 2.1 Dodging
 + Level 2.0 Invocations


You couldn't memorise any spells.
You didn't know any spells.
Your spell library was empty.

Dungeon Overview and Level Annotations

Branches:
Dungeon (0/15)

Altars:


Innate Abilities, Weirdness & Mutations

Your plain brown scales are hard. (AC +4)
You cannot fit into any form of body armour.
You are cold-blooded and may be slowed by cold attacks.


Message History

Found 27 stones.
You see here 27 stones.
A white imp and a tentacled starspawn come into view.
The white imp shouts!
Tentacles burst from the starspawn's body! 2 starspawn tentacles come into view.
The starspawn tentacle grabs you. The starspawn tentacle constricts you.
You escape the starspawn tentacle's grasp.
Found a metallic emerald potion.
Found 10 stones.
The white imp gestures at you. The puff of frost hits you!
Ouch! That really hurt!
You see here 10 stones.
The white imp gestures at you. The puff of frost hits you.
* * * LOW HITPOINT WARNING * * *
Unknown command.
A tentacle flies out from the starspawn's body!
A starspawn tentacle comes into view.
You are suddenly pulled into a different region of the Abyss!
A kobold brigand comes into view.
It is wielding a +0 short sword and quivering curare-tipped darts.
The kobold brigand shouts!
A kobold brigand comes into view.
It is wielding a +2 rapier of distortion and quivering curare-tipped darts.
The kobold brigand shouts!
A kobold brigand comes into view.
It is wielding a +0 rapier and quivering poisoned darts.
The kobold brigand shouts!
A kobold brigand comes into view.
It is wielding a +0 short sword and quivering poisoned darts.
The kobold brigand shouts!
You hear a shout! x3
Found a corrupted altar of Lugonu.
Found a gateway leading deeper into the Abyss.
A kobold brigand comes into view.
It is wielding a +0 short sword and quivering curare-tipped darts.
Unknown command. 2 kobold brigands come into view.
A kobold brigand is wielding a +0 rapier and quivering poisoned darts.
A kobold brigand is wielding a +0 rapier and quivering poisoned darts.
The kobold brigand shouts! x2
The kobold brigand throws a poisoned dart.
The poisoned dart misses you.
The kobold brigand hits you with a +2 rapier of distortion.
You die...

#####
##§§§##
#.§§§§
#§.§#
##@#
KK§###
§§K§§#
KKK§.#
§K§#.#
##


You could see 3 kobold brigands.

Vanquished Creatures (others)
  4 starspawn tentacles (Abyss:1)
4 creatures vanquished.

Notes
Turn   | Place    | Note
-------+----------+-------------------------------------------
     0 | Abyss:1  | meatgazer the Draconian Abyssal Knight began the quest for
                  | the Orb.
     0 | Abyss:1  | Reached XP level 1. HP: 19/19 MP: 2/2
   142 | Abyss:1  | Noticed a tentacled starspawn
   186 | Abyss:1  | Found a corrupted altar of Lugonu.
   186 | Abyss:1  | Noticed a kobold brigand
   186 | Abyss:1  | Noticed a kobold brigand
   186 | Abyss:1  | Noticed a kobold brigand
   186 | Abyss:1  | Noticed a kobold brigand
   187 | Abyss:1  | Noticed a kobold brigand
   187 | Abyss:1  | Noticed a kobold brigand
   187 | Abyss:1  | Noticed a kobold brigand
   188 | Abyss:1  | Slain by a kobold brigand

Illustrated notes

Levels and vault maps discovered:
Abyss:1:  base: Temple, base: Temple, hangedman_abyss_mock_shop,
          hangedman_relentless_pull, due_exit_kobolds

Action                   || total
-------------------------++-------
Dodge: Dodged            ||     1

Table legend: (Time is in decaauts)
 A = Elapsed time spent in this place.
 B = Non-inter-level travel time spent in this place.
 C = Inter-level travel time spent in this place.
 D = Time resting spent in this place.
 E = Time spent auto-exploring this place.
 F = Levels seen in this place.
 G = Mean time per level.
                   A        B        C        D        E       F      G
               +--------+--------+--------+--------+--------+-----+--------+
         Total |    188 |    188 |      0 |      0 |    136 |   1 |  188.0 |
         Abyss |    188 |    188 |      0 |      0 |    136 |   1 |  188.0 |
               +--------+--------+--------+--------+--------+-----+--------+

Top non-repeatable levels by time:
 Abyss:1: 188 daAuts
